 Dungeon Crawl Stone Soup version 0.28.0-43-g3370ac3207 (webtiles) character file.

Game seed: 10817567239636041202

430 Jerry the Chucker (level 6, -2/61 HPs)
             Began as a Troll Hunter on Mar 9, 2022.
             Was a Follower of Zin.
             Slain by a kobold brigand
             ... wielding a +1 short sword of holy wrath
              (7 damage)
             ... in a sewer.
             The game lasted 00:10:34 (2542 turns).

Jerry the Chucker (Troll Hunter)                    Turns: 2542, Time: 00:10:34

Health: -2/61      AC:  4    Str: 21    XL:     6   Next: 66%
Magic:  5/5        EV: 10    Int:  7    God:    Zin [*.....]
Gold:   31         SH:  0    Dex: 12    Spells: 5/5 levels left

rFire   . . .      SeeInvis .   g - +0 club
rCold   . . .      Faith    .   (no shield)
rNeg    . . .      Spirit   .   b - +0 robe
rPois   +          Reflect  .   (helmet restricted)
rElec   .          Harm     .   (no cloak)
rCorr   .          Rampage  .   (gloves unavailable)
Will    .....                   (boots unavailable)
Stlth   +.........              q - amulet of regeneration
HPRegen 1.80/turn               i - ring of poison resistance
MPRegen 0.09/turn               p - +4 ring of slaying

@: no status effects
A: large, unfitting armour, claws 3, regeneration 1, shaggy fur 1, tough skin 1
a: Renounce Religion, Recite, Donate Gold


You were in a sewer.
You worshipped Zin.
Zin was aware of your devotion.
You visited 1 branch of the dungeon, and saw 6 of its levels.
You also visited: Sewer.

You collected 34 gold pieces.
You donated 3 gold pieces to Zin.

Inventory:

Hand Weapons
 g - a +0 club (weapon)
Missiles
 c - 5 large rocks (quivered)
 d - 4 throwing nets
Armour
 b - a +0 robe (worn)
Jewellery
 i - a ring of poison resistance (left claw)
 p - a +4 ring of slaying (right claw)
 q - an amulet of regeneration (around neck)
Scrolls
 a - a scroll of teleportation {unknown}
 j - a scroll of silence {unknown}
 k - 2 scrolls of fear
 l - a scroll of identify
 n - a scroll of blinking {unknown}
 r - a scroll of fog {unknown}
Potions
 e - a potion of cancellation
 f - 2 potions of heal wounds {unknown}
 h - a potion of curing
 m - 2 potions of might
 o - a potion of mutation {unknown}


   Skills:
 + Level 3.0 Fighting
 * Level 3.6 Maces & Flails
 + Level 4.6 Throwing
 + Level 3.0 Dodging
 - Level 0.4 Stealth


You had 5 spell levels left.
You didn't know any spells.
Your spell library contained the following spells:

 Spells                   Type           Power      Damage    Failure   Level
 Frozen Ramparts          Ice            0%         1d2       80%         3
 Gell's Gravitas          Tloc           0%         N/A       80%         3
 Lesser Beckoning         Tloc           0%         N/A       80%         3
 Teleport Other           Tloc           0%         N/A       80%         3
 Ice Form                 Ice/Tmut       0%         N/A       99%         4
 Summon Ice Beast         Ice/Summ       0%         N/A       99%         4
 Dispersal                Tloc           0%         N/A       100%        6
 Disjunction              Tloc           0%         N/A       100%        8


Dungeon Overview and Level Annotations

Branches:
Dungeon (6/15)              Sewer (1/1)
 Temple: D:4-7

Altars:
Zin


Innate Abilities, Weirdness & Mutations

You are too large for most types of armour.
You have claws for hands.
Your natural rate of healing is unusually fast.
You are covered in fur. (AC +1)
You have tough skin. (AC +1)


Message History

The kobold brigand hits you with a +1 short sword of holy wrath.
There are monsters nearby!
You barely miss the kobold brigand.
The kobold brigand is heavily wounded.
The kobold brigand misses you.
The kobold brigand splashes around in the water.
The kobold brigand hits you with a +1 short sword of holy wrath.
You closely miss the kobold brigand.
The kobold brigand is heavily wounded.
The kobold brigand hits you with a +1 short sword of holy wrath.
The kobold brigand completely misses you.
You barely miss the kobold brigand.
The kobold brigand is heavily wounded.
The kobold brigand hits you with a +1 short sword of holy wrath!
The kobold brigand hits you with a +0 dagger.
You hit the kobold brigand.
The kobold brigand is heavily wounded.
The kobold brigand hits you with a +1 short sword of holy wrath.
The kobold brigand hits you with a +0 dagger.
You closely miss the kobold brigand.
The kobold brigand is heavily wounded.
The kobold brigand hits you with a +1 short sword of holy wrath.
* * * LOW HITPOINT WARNING * * *
The kobold brigand hits you with a +0 dagger.
* * * LOW HITPOINT WARNING * * *
You barely miss the kobold brigand.
The kobold brigand is heavily wounded.
The kobold brigand hits you with a +1 short sword of holy wrath.
* * * LOW HITPOINT WARNING * * *
The kobold brigand hits you with a +0 dagger.
* * * LOW HITPOINT WARNING * * *
You hit the kobold brigand.
The kobold brigand is severely wounded.
The kobold brigand hits you with a +1 short sword of holy wrath.
* * * LOW HITPOINT WARNING * * *
The kobold brigand splashes around in the water.
You barely miss the kobold brigand.
The kobold brigand is severely wounded.
The kobold brigand hits you with a +1 short sword of holy wrath!
You die...

#≈≈≈.≈. ## ##≈≈....
≈≈≈.##### ##..≈≈≈..
#.≈≈≈.####.≈≈.##≈.
≈≈≈≈###≈≈.≈..≈.####≈
####### #≈...≈.≈.# ##.
#.≈≈≈≈###≈≈≈≈.≈.####.≈
#####K≈≈≈≈########..≈.
#.≈≈K@##### #≈≈≈..
####### #≈≈.≈# #.≈≈##
#≈≈.# #...# ##≈≈.##
#.≈≈≈.# #≈###≈# #≈#
#≈#


You could see 2 kobold brigands.

Vanquished Creatures
  3 kobold brigands (Sewer)
  A jelly (D:5)
  Natasha (D:3)
  Terence (D:3)
  2 river rats (Sewer)
  5 adders
  5 worms
  8 ball pythons
  8 endoplasms
  4 giant cockroaches
  3 goblins
  4 hobgoblins
  8 jackals
  2 quokkas
  5 bats
  2 frilled lizards
  7 kobolds
  11 rats
80 creatures vanquished.

Notes
Turn   | Place    | Note
-------+----------+-------------------------------------------
     0 | D:1      | Jerry the Troll Hunter began the quest for the Orb.
     0 | D:1      | Reached XP level 1. HP: 19/19 MP: 0/0
   279 | D:1      | Reached XP level 2. HP: 28/28 MP: 1/1
   371 | D:1      | Found a faded altar of an unknown god.
   476 | D:1      | Reached skill level 1 in Maces & Flails
   775 | D:1      | Prayed at the altar of an unknown god.
   775 | D:1      | Became a worshipper of Zin the Law-Giver
   775 | D:1      | Reached * piety under Zin
   870 | D:2      | Reached XP level 3. HP: 35/35 MP: 2/2
  1554 | D:3      | Reached skill level 4 in Throwing
  1567 | D:3      | Reached XP level 4. HP: 42/42 MP: 3/3
  1610 | D:3      | Noticed Natasha
  1632 | D:3      | HP: 2/42 [Natasha (7)]
  1635 | D:3      | Killed Natasha
  1757 | D:3      | Noticed Terence
  1761 | D:3      | Killed Terence
  1902 | D:3      | You fall into a shaft and drop 3 floors!
  1906 | D:5      | Entered Level 5 of the Dungeon
  1921 | D:4      | Found a glowing drain.
  1954 | D:5      | Reached XP level 5. HP: 10/50 MP: 4/4
  2018 | Sewer    | Entered a sewer
  2266 | Sewer    | Reached XP level 6. HP: 45/59 MP: 5/5
  2541 | Sewer    | HP: 3/61 [kobold brigand/+1 short sword of holy wrath (6)]
  2542 | Sewer    | Slain by a kobold brigand

Illustrated notes

Levels and vault maps discovered:
D:1:      scummos_arrival_hexagon, layout_basic, basic_ecumenical_altar,
          ebering_dispersal_statue_hall
D:2:      layout_basic
D:3:      layout_rooms, uniq_natasha, uniq_terence, uniq_crazy_yiuf_cottage
D:4:      layout_cave_pools, minmay_temple_entry_ruins,
          cheibrodos_sewer_entry_drain, hangedman_abyss_or_decor_slice,
          serial_bayou_pond_c, hangedman_decor_opposing, uniq_pikel
D:5:      layout_basic
D:6:      wad_pebble_path, layout_basic, minmay_starry_boxes
Sewer:    sewer_co_tree

Skill      XL: |  1  2  3  4  5  6 |
---------------+-------------------+-----
Maces & Flails | 1 2 3 |  3.6
Fighting       | 2 3 |  3.0
Dodging        | 2 3 |  3.0
Throwing       | 4 |  4.6
Stealth        | |  0.4

Action                   |  1- 3 |  4- 6 || total
-------------------------+-------+-------++-------
Melee: Short sword       |   134 |    58 ||   192
       Punch             |     2 |     3 ||     5
       Club              |       |   134 ||   134
Throw: Large rock        |     7 |     6 ||    13
  Use: Scroll            |     3 |       ||     3
       Potion            |       |     1 ||     1
 Stab: Sleeping          |       |     1 ||     1
Armor: Robe              |    45 |    44 ||    89
Dodge: Dodged            |    92 |   100 ||   192
